 Dungeon Crawl Stone Soup version 0.17.0-1-g61d176b (webtiles) character file.

343 dvd the Skirmisher (level 6, -3/56 HPs)
             Began as a Hill Orc Fighter on Nov 7, 2015.
             Killed from afar by Sigmund (6 damage)
             ... with a magic dart
             ... on level 4 of the Dungeon.
             The game lasted 00:13:01 (2905 turns).

dvd the Skirmisher (Hill Orc Fighter)               Turns: 2905, Time: 00:13:01

Health: -3/56      AC: 12    Str: 20    XL:     6   Next: 57%
Magic:  6/6        EV:  8    Int:  8    God:
Gold:   84         SH:  0    Dex: 11    Spells: 0 memorised, 5 levels left

rFire  + + +     SeeInvis .     l - +0 hand axe (curse)
rCold  + . .     Clarity  .     d - +5 scale mail of Sovereignty {rElec rF+++ MR- rCorr}
rNeg   . . .     SustAt   .     c - +0 shield
rPois  .         Gourm    .     (no helmet)
rElec  +         Spirit   .     h - -1 cloak (curse)
rCorr  +         Warding  .     (no gloves)
rMut   .         Stasis   .     (no boots)
MR     .....                    (no amulet)
Stlth  ..........               (no ring)
                                r - ring of protection from cold

@: confused, very slow, not resistant to hostile enchantments, extremely
unstealthy
A: no striking features
a: no special abilities


You were on level 4 of the Dungeon.
You were not hungry.

You visited 1 branch of the dungeon, and saw 4 of its levels.

You collected 84 gold pieces.

Inventory:

Hand Weapons
 a - a +0 war axe
 b - a +0 hunting sling of flaming
 l - a cursed +0 hand axe (weapon)
 o - a +0 short sword of speed
Missiles
 k - 46 stones (quivered)
 m - 31 sling bullets
Armour
 c - a +0 shield (worn)
 d - the +5 scale mail of Sovereignty (worn) {rElec rF+++ MR- rCorr}
   (You found it on level 4 of the Dungeon)

   It renders you almost immune to fire.
   It insulates you from electricity.
   It affects your resistance to hostile enchantments.
   It protects you from acid and corrosion.
 f - a +0 cloak
 h - a cursed -1 cloak (worn)
 t - a +1 plate armour of fire resistance
Jewellery
 r - a ring of protection from cold (left hand)
Wands
 p - a wand of slowing (31)
Scrolls
 i - 4 scrolls of identify
Potions
 g - a potion of lignification
Comestibles
 e - a bread ration
 u - a beef jerky


   Skills:
 + Level 5.0 Fighting
 + Level 4.5 Axes
 + Level 0.5 Slings
 + Level 4.5 Armour
 + Level 1.4 Dodging
 + Level 0.3 Stealth
 + Level 4.8 Shields


You had 5 spell levels left.
You didn't know any spells.

Dungeon Overview and Level Annotations

Branches:
Dungeon (4/15)
 Temple: D:4-7

Altars:
Cheibriados
Dithmenos
Yredelemnul

Annotations:
D:4 Sigmund


Message History

The adder skeleton barely misses you.
Sigmund hits you from afar with a scythe.
You bump into the rock wall.
The adder skeleton bites you.
* * * LOW HITPOINT WARNING * * *
Sigmund hits you from afar with a scythe.
* * * LOW HITPOINT WARNING * * *
Drink which item? (? for menu, Esc to quit)
Okay, then.
You hit the adder skeleton.
You destroy the adder skeleton!
Sigmund hits you with a scythe!
* * * LOW HITPOINT WARNING * * *
You're too confused to move!
Sigmund points at you and mumbles some strange words.
You resist with significant effort.
You hit Sigmund.
Sigmund is moderately wounded.
Sigmund casts a spell at you. The magic dart hits you!
You die...

.. .... ..### ...#
... #..# #.##..###
############......#
..................#
#..############.###
....# ######.#####
###.# #..!..@@...##
#.# #............#
#.# ..............#
#.# ........>.....#
#.# ..............#
#.# ..............#
###.#
..............#
b...#
............##
##### ....!.$>..##


You could see Sigmund.

Vanquished Creatures
  The ghost of SlimeFever the Pure, an amateur DsAK of Lugonu (D:4)
  An ogre (D:4)
  A hound (D:4)
  2 adders
  4 worms
  An adder skeleton (D:4)
  2 giant geckos
  5 giant cockroaches
  6 goblins
  6 hobgoblins
  4 jackals
  8 kobolds
  2 quokkas
  A ball python (D:3)
  10 bats
  5 giant newts
  3 rats
62 creatures vanquished.

Notes
Turn   | Place    | Note
--------------------------------------------------------------
     0 | D:1      | dvd the Hill Orc Fighter began the quest for the Orb.
     0 | D:1      | Reached XP level 1. HP: 19/19 MP: 1/1
   235 | D:1      | Reached XP level 2. HP: 27/27 MP: 2/2
   242 | D:1      | Reached skill level 4 in Fighting
   746 | D:2      | Found a basalt altar of Yredelemnul.
   834 | D:2      | Reached XP level 3. HP: 31/33 MP: 3/3
  1239 | D:2      | Found a faded altar to an unknown god.
  1267 | D:2      | Became a worshipper of Cheibriados the Contemplative
  1267 | D:2      | Reached * piety under Cheibriados
  1274 | D:2      | Fell from the grace of Cheibriados
  1787 | D:3      | Reached XP level 4. HP: 41/41 MP: 4/4
  2594 | D:4      | Found a shadowy altar of Dithmenos.
  2681 | D:4      | Noticed an ogre
  2689 | D:4      | Killed an ogre
  2689 | D:4      | Reached skill level 1 in Dodging
  2689 | D:4      | Reached XP level 5. HP: 28/47 MP: 5/5
  2793 | D:4      | Noticed SlimeFever's ghost (amateur DsAK)
  2847 | D:4      | Killed SlimeFever's ghost
  2847 | D:4      | Reached skill level 5 in Fighting
  2847 | D:4      | Reached XP level 6. HP: 29/56 MP: 6/6
  2855 | D:4      | Got a jet-studded scale mail
  2883 | D:4      | Identified the +5 scale mail of Sovereignty {rElec rF+++ MR- rCorr} (You found it on level 4 of the Dungeon)
  2883 | D:4      | Noticed Sigmund
  2903 | D:4      | HP: 2/56 [Sigmund/scythe (12)]
  2905 | D:4      | Killed from afar by Sigmund

Action                   |  1- 3 |  4- 6 || total
-------------------------+-------+-------++-------
Melee: War axe           |   152 |    73 ||   225
       Hunting sling     |       |     2 ||     2
       Hand axe          |       |    70 ||    70
 Fire: Hunting sling     |       |     5 ||     5
Invok: Renounce Religion |     1 |       ||     1
Evoke: Wand              |       |     5 ||     5
  Use: Potion            |       |     9 ||     9
       Scroll            |       |     4 ||     4
  Eat: Chunk             |     3 |     5 ||     8
